 Dungeon Crawl Stone Soup version 0.25-a0-855-g681bda5bb4 (webtiles) character file.

Game seed: 5234900819708106277, levelgen mode: deterministic

13 Knaeckebrot the Magician (level 2, 0/17 HPs)
             Began as an Octopode Wizard on Apr 26, 2020.
             Slain by a goblin
             ... wielding a +0 dagger
              (4 damage)
             ... on level 2 of the Dungeon.
             The game lasted 00:04:07 (526 turns).

Knaeckebrot the Magician (Octopode Wizard)           Turns: 526, Time: 00:04:08

Health: 0/17       AC:  1    Str:  6    XL:     2   Next: 37%
Magic:  6/6        EV: 13    Int: 20    God:
Gold:   7          SH:  0    Dex: 10    Spells: 6/7 levels left

rFire    . . .     SeeInvis .   b - +0 spear
rCold    . . .     Gourm    .   (no shield)
rNeg     . . .     Faith    .   a - +0 hat
rPois    .         Spirit   .   (no amulet)
rElec    .         Reflect  .   (no ring)
rCorr    .         Harm     .   (no ring)
MR       .....                  (no ring)
Stlth    +++.......             (no ring)
HPRegen  0.05/turn              (no ring)
MPRegen  0.10/turn              (no ring)
                                (no ring)
                                (no ring)

@: brilliant
A: almost no armour, stealthy swim, amphibious, 8 rings, constrict 8, camouflage
1, gelatinous body 1
a: no special abilities


You were on level 2 of the Dungeon.
You were full.

You visited 1 branch of the dungeon, and saw 2 of its levels.

You collected 7 gold pieces.

Inventory:

Hand Weapons
 b - a +0 spear (weapon)
Missiles
 f - 17 sling bullets
Armour
 a - a +0 hat (worn)
Scrolls
 e - a scroll of identify
Potions
 d - a potion of degeneration
Comestibles
 c - 2 rations


   Skills:
 + Level 0.8 Polearms
 + Level 2.0 Dodging
 + Level 2.9 Stealth
 + Level 3.3 Spellcasting
 + Level 1.0 Conjurations
   Level 1.0 Summonings
   Level 1.0 Translocations


You had 6 spell levels left.
You knew the following spells:

 Your Spells              Type           Power        Failure   Level  Hunger
a - Magic Dart            Conj           ##..         9%          1    None

Your spell library contained the following spells:

 Spells                   Type           Power        Failure   Level  Hunger
 Blink                    Tloc           N/A          14%         2    None
 Call Imp                 Summ           ##......     14%         2    None
 Slow                     Hex            #.......     21%         2    None
 Conjure Flame            Conj/Fire      #.......     32%         3    None
 Mephitic Cloud           Conj/Pois/Air  #.......     34%         3    None


Dungeon Overview and Level Annotations

Branches:
Dungeon (2/15)

Altars:


Innate Abilities, Weirdness & Mutations

You cannot wear most types of armour.
You are very stealthy in the water. (Stealth+)
You are amphibious.
You can wear up to eight rings at the same time.
You can use your tentacles to constrict eight enemies at once.
Your skin changes colour to match your surroundings (Stealth+).
Your rubbery body absorbs attacks. (AC +1, EV +1)


Message History

The frilled lizard closely misses you.
You hit the frilled lizard but do no damage.
Your grab misses the frilled lizard. The frilled lizard bites you.
* * * LOW HITPOINT WARNING * * *
You barely miss the frilled lizard. Your grab misses the frilled lizard.
The frilled lizard bites you but does no damage.
The frilled lizard closely misses you.
You miss the frilled lizard. Your grab misses the frilled lizard.
Your squeeze misses the frilled lizard. The frilled lizard closely misses you.
You barely miss the frilled lizard. You grab the frilled lizard.
You constrict the frilled lizard. The frilled lizard barely misses you.
You hit the frilled lizard.
You kill the frilled lizard!
You see here a frilled lizard corpse.
You open the door.
There is an open door here.
A goblin comes into view. It is wielding a +0 dagger.
The goblin shouts!
The goblin hits you with a +0 dagger.
You die...

##'########
#.# #.# #.#
#.#
#.######.
###........
#.g........
#@#########
#.# #.# #.#
#.# ..# ###


You could see a goblin.

Vanquished Creatures
  A leopard gecko (D:2)
  A giant cockroach (D:1)
  A hobgoblin (D:1)
  5 kobolds
  A frilled lizard (D:2)
  A goblin (D:1)
  2 rats (D:1)
12 creatures vanquished.

Notes
Turn   | Place    | Note
-------+----------+-------------------------------------------
     0 | D:1      | Knaeckebrot the Octopode Wizard began the quest for the
                  | Orb.
     0 | D:1      | Reached XP level 1. HP: 11/11 MP: 4/4
   330 | D:1      | Reached XP level 2. HP: 9/17 MP: 6/6
   526 | D:2      | Slain by a goblin

Levels and vault maps discovered:
D:1:      minmay_arrival_loop, layout_basic, palyth_stone_intersect
D:2:      layout_basic, nicolae_overflow_crystal_walls, dancing_weapons_uskayaw,
          chequers_ecumenical_altar_simple_redux, first_ration,
          kennysheep_potato

Action                   || total
-------------------------++-------
Melee: Spear             ||    34
       Constrict         ||     7
       Tentacles         ||     4
  Use: Scroll            ||     4
       Potion            ||     1
 Stab: Sleeping          ||     3
  Eat: Ration            ||     1
Armor: Skin              ||     2
Dodge: Dodged            ||    21

Table legend:
 A = Non-vault XP
 B = Vault XP
 C = Vault XP percentage of total XP
 D = Non-vault monster count
 E = Vault monster count
 F = Vault count percentage of total count
                 A         B        C        D         E       F
            +---------+---------+-------+---------+---------+-------
      Total |      19 |       0 |   0.0 |      12 |       0 |   0.0
            +---------+---------+-------+---------+---------+-------
        D:1 |      10 |       0 |   0.0 |       7 |       0 |   0.0
        D:2 |       9 |       0 |   0.0 |       5 |       0 |   0.0
            +---------+---------+-------+---------+---------+-------
